Zazza, neutral female human Tourist ---- --- ---- |..-- --.--- |..--------------...---....---- -- |...............^.....)....*)..)...| ---..-----------......----...----- - |.....| |.......|......-- ---.....| ---........%))..| --- |..^....| |............-- |.. ---.---...| ---.--.--.)..| |..---...||...-|-------- -------.).)---- |......---|-...--.--.|.-- --)....)..-- --.....| |.............| |.......)..| --....| --.............| --..|.--)..-- ---- |-..----..............-- |...|----.<.| |..---...| |....)...........--------.--- --.-- |.......------.......................| --- -----.....| |.......G...d.......----- --...-- --.....f.@d......-- ..| ----- ------.--..|(|.-- | ----------- Zazza the Sightseer Experience level: 3 Strength: 10 Dexterity: 10 Constitution: 17 Intelligence: 12 Wisdom: 10 Charisma: 18 Health: 0(32) Energy: 7(7) Def: 9 Gold: 0 Moves: 3181 Dungeon seed: uW6zA63n7zcbqwzJ Game ID: Zazza_1619441960 Your Inventory: Weapons a - 26 +2 darts p - a +0 elven dagger (weapon in hand) Armor e - an uncursed +0 elven mithril-coat (being worn) q - an uncursed +0 shield of reflection (being worn) r - a blessed +0 pair of elven boots (being worn) T - an uncursed +0 helmet (being worn) Wands x - a wand of digging (0:4) Tools i - an expensive camera (0:90) k - an uncursed skeleton key m - an uncursed mirror t - an uncursed towel w - an uncursed magic whistle z - an uncursed bag of holding H - a fire horn (0:3) Y - an uncursed pair of lenses (being worn) Gems y - a cursed loadstone Contents of the bag of holding: 1452 gold pieces a +0 dagger an uncursed burnt +0 Hawaiian shirt an uncursed +0 dwarvish cloak a cursed -1 pair of iron shoes an uncursed clove of garlic 12 uncursed food rations an uncursed slime mold 7 uncursed tripe rations an uncursed scroll of amnesia 2 uncursed scrolls of confuse monster 2 uncursed scrolls of destroy armor a cursed scroll of earth an uncursed scroll of enchant armor a cursed scroll of enchant armor an uncursed scroll of light 2 uncursed scrolls of magic mapping an uncursed scroll of remove curse a cursed scroll of remove curse an uncursed scroll of stinking cloud an uncursed scroll of teleportation an uncursed spellbook of identify an uncursed potion of confusion an uncursed potion of gain ability an uncursed potion of gain energy a blessed potion of invisibility an uncursed potion of invisibility a blessed potion of restore ability a cursed potion of restore ability a cursed potion of see invisible an uncursed potion of sickness a blessed potion of sleeping an uncursed potion of sleeping a cursed potion of sleeping an uncursed +2 ring of increase damage a cursed figurine of a coyote an uncursed magic whistle an uncursed magic whistle an uncursed oilskin sack a +0 pick-axe 2 uncursed worthless pieces of white glass Spells and supernatural/magical abilities: Name Level Category Fail Memory u - confuse monster 2 enchantment 100% 91% W - pray for help -- divine ? -- Your skills at the end: Fighting Skills Weapon Skills dart [Basic] Spellcasting Skills Final Attributes: You were nominally aligned. You were stealthy. You had reflection. You were lucky. You are dead. Vanquished creatures: a small mimic 2 shriekers a gnome lord a dwarf a giant bat an iguana an acid blob a coyote a gas spore 2 hobbits a hobgoblin 2 giant rats a red mold 11 gnomes 2 geckos 3 jackals a fox a goblin 2 sewer rats 6 grid bugs 2 lichens a kobold zombie 4 newts 49 creatures vanquished. Voluntary challenges: You used a wielded weapon 2 times, starting on turn 793. You read items or engraved 15 times, starting on turn 88. You never genocided any monsters. You never polymorphed an object. You never changed form. You used no wishes. You never split a pudding. You wrote Elbereth's name 8 times, starting on turn 343. You never violated your personal moral code. Dungeon overview: The Dungeons of Doom: levels 1 to 4 Level 1 an altar to The Lady, some fountains a long staircase Level 2 a hardware shop, a fountain stairs to The Gnomish Mines Level 3 a general store Level 4 a general store, some fountains The Gnomish Mines: levels 3 to 4 Level 3 stairs to The Dungeons of Doom Level 4 <- You were here History has recorded: On T:1 you entered the Dungeons of Doom to retrieve the Amulet of Yendor! On T:280 you reached level 2 of The Dungeons of Doom. On T:684 you advanced to experience level 2. On T:903 you reached level 1 of The Gnomish Mines. On T:1031 you reached level 3 of The Dungeons of Doom. On T:1426 you advanced to experience level 3. On T:1843 you reached level 4 of The Dungeons of Doom. On T:2968 you reached level 2 of The Gnomish Mines. Score breakdown: Gold: 508 ( 9207 points) Experience: 3 levels ( 7878 points) Exploration: 4 levels ( 7.69%) ( 7276 points) Discoveries: 19 items ( 6.38%) ( 7575 points) Valuables value: (no points given unless you survive) Artifact value: 0 ( 0 points) Variety of kills: 23 monsters ( 6.04%) ( 7370 points) Turncount: 3181 turns ( -686 points) Survival: died (score multiplied by 80%) Total score: 30896 Latest messages: You put an uncursed food ration into the bag called holding. You put 2 white gems into the bag called holding. The gnome king wields a thonged club! The gnome king swings his thonged club. The gnome king misses. The gnome king wields a bow! The gnome king wields a thonged club! The gnome king wields a bow! The gnome king shoots an arrow! You are almost hit by an arrow. The gnome king wields a thonged club! The gnome king wields a bow! The gnome king wields a thonged club! Armand picks up a crude dagger. The gnome king swings his thonged club. The gnome king hits! The gnome king swings his thonged club. The gnome king hits! The gnome king ignores his reflection. The gnome king swings his thonged club. The gnome king hits! You die... The oilskin sack is empty. Final status: Aloha Zazza the Tourist, killed by a gnome king... You died in The Gnomish Mines on dungeon level 4 with 30896 points, and 1452 pieces of gold, after 3181 moves. You were level 3 with a maximum of 32 hit points when you died.